AoeStats
← FR HectorDevis

Arena

510085127Analyzed
4v4 RM · 3d ago on Sep 29, 2026· 40m 22s· 8 players
Game mode
Random Map
Map size
Large (8 player)
Population
200
Speed
Normal
Resources
Standard
Victory
Conquest
Starting age
Dark Age
Ending age
Imperial Age
RankedLock teamsTeams togetherTeam positionsShared explorationLock speedFull tech treeHidden civsTurbo modeCheats
Victory
Defeat
🇨🇳 Mongols · China
1090
+13
🇨🇳 Ethiopians · China
1031
+15
🇨🇳 Franks · China
1022
+16
🇯🇵 Portuguese · Japan
1012
+16
🇹🇼 Britons · Taiwan
1091
-19
🇨🇳 Italians · China
1018
-15
🇫🇷 Persians · France
999
-14
🇨🇳 Huns · China
949
-12
Wawrinka
11:04 Feudal Age
10:51 Loom
14:40 Castle Age
12:32 Double-Bit Axe
12:30 Horse Collar
16:05 Heavy Plow
21:51 Wheelbarrow
23:24 Hand Cart
27:17 Bow Saw
31:40 Imperial Age
29:13 Gold Mining
29:31 Stone Mining
29:51 Murder Holes
29:57 Crossbowman
30:43 Thumb Ring
30:48 Fletching
30:58 Padded Archer Armor
31:24 Ballistics
31:48 Bodkin Arrow
32:01 Squires
31:53 Arbalester
33:23 Sanctity
33:15 Fervor
33:44 Conscription
32:49 Halberdier
33:32 Bracer
33:48 Leather Archer Armor
33:45 Forging
33:36 Scale Mail Armor
33:41 Elite Skirmisher
35:15 Gold Shaft Mining
35:49 Chemistry
35:16 Town Watch
36:47 Two-Man Saw
36:34 Theocracy
36:27 Illumination
37:09 Torsion Engines
38:22 Ring Archer Armor
38:08 Chain Mail Armor
38:28 Iron Casting
NeroALter
11:15 Feudal Age
12:35 Double-Bit Axe
15:32 Castle Age
16:48 Bow Saw
18:46 Fervor
21:41 Loom
23:01 Wheelbarrow
24:40 Hand Cart
27:05 Gold Mining
27:05 Stone Mining
30:40 Imperial Age
27:58 Treadmill Crane
28:40 Forging
28:35 Scale Barding Armor
28:57 Fortified Wall
30:18 Gold Shaft Mining
30:22 Iron Casting
30:07 Chain Barding Armor
30:45 Masonry
31:20 Husbandry
31:47 Chivalry
32:07 Conscription
31:12 Cavalier
33:21 Blast Furnace
32:56 Plate Barding Armor
32:16 Paladin
37:33 Chemistry
37:59 Town Watch
38:18 Scale Mail Armor
38:46 Ballistics
_xy_2252
4:31 Loom
11:08 Feudal Age
12:33 Wheelbarrow
12:45 Town Watch
15:20 Castle Age
13:25 Double-Bit Axe
13:50 Horse Collar
17:15 Hand Cart
17:46 Bow Saw
20:39 Gold Mining
22:02 Gold Shaft Mining
22:47 Stone Mining
24:01 Stone Shaft Mining
25:05 Padded Archer Armor
24:56 Fletching
28:42 Imperial Age
27:02 Leather Archer Armor
30:07 Bodkin Arrow
31:37 Chemistry
31:22 Bracer
32:29 Capped Ram
33:57 Siege Ram
35:30 Onager
37:09 Siege Onager
38:57 Drill
38:58 Conscription
y_oshi
9:59 Feudal Age
12:38 Loom
13:00 Double-Bit Axe
12:56 Horse Collar
13:08 Fletching
18:24 Castle Age
17:45 Padded Archer Armor
17:50 Stone Mining
18:41 Gold Mining
26:41 Wheelbarrow
26:12 Heavy Plow
26:40 Pikeman
31:55 Imperial Age
30:21 Bodkin Arrow
30:27 Scale Mail Armor
32:45 Hand Cart
32:44 Forging
33:43 Chemistry
33:25 Conscription
34:11 Thumb Ring
33:49 Halberdier
34:57 Conscription
36:14 Gambesons
37:21 Chain Mail Armor
39:24 Arquebus
FR HectorDevis
6:41 Loom
9:18 Feudal Age
9:43 Horse Collar
9:51 Double-Bit Axe
12:43 Gold Mining
18:51 Castle Age
16:50 Stone Mining
18:26 Forging
18:07 Fletching
20:55 Heavy Plow
21:08 Bow Saw
21:32 Bloodlines
22:43 Gold Shaft Mining
22:38 Kamandaran
26:55 Wheelbarrow
26:48 Crossbowman
27:29 Murder Holes
28:14 Thumb Ring
28:14 Bodkin Arrow
32:35 Imperial Age
31:05 Ballistics
32:15 Husbandry
32:52 Iron Casting
33:31 Conscription
34:22 Chemistry
jack
10:54 Feudal Age
14:32 Castle Age
12:50 Double-Bit Axe
12:49 Horse Collar
15:43 Bow Saw
15:41 Heavy Plow
21:34 Wheelbarrow
23:59 Hand Cart
23:56 Loom
29:19 Imperial Age
27:33 Forging
27:26 Scale Mail Armor
27:17 Fletching
28:01 Gold Mining
28:01 Stone Mining
28:45 Ballistics
28:06 Treadmill Crane
29:06 Masonry
29:22 Padded Archer Armor
29:12 Pikeman
29:54 Squires
29:52 Bodkin Arrow
30:40 Elite Skirmisher
31:26 Thumb Ring
31:24 Bracer
31:39 Leather Archer Armor
33:38 Ring Archer Armor
33:43 Iron Casting
34:09 Conscription
34:37 Elite Genoese Crossbowman
37:03 Chemistry
39:07 Blast Furnace
38:22 Chain Mail Armor
39:02 Pirotechnia
39:08 Pirotechnia
40:06 Silk Road
gina2620
10:16 Feudal Age
14:57 Castle Age
13:04 Double-Bit Axe
22:00 Horse Collar
22:33 Bow Saw
27:26 Imperial Age
24:51 Loom
24:51 Town Watch
26:22 Wheelbarrow
25:47 Town Patrol
26:28 Town Patrol
26:40 Heavy Plow
26:33 Gold Mining
27:39 Hand Cart
27:24 Crossbowman
28:46 Gold Shaft Mining
28:02 Arbalester
31:02 Two-Man Saw
30:14 Fletching
30:24 Padded Archer Armor
30:48 Ballistics
32:38 Chemistry
31:39 Bodkin Arrow
31:59 Leather Archer Armor
32:39 Leather Archer Armor
32:25 Bracer
32:40 Masonry
32:26 Murder Holes
33:44 Conscription
33:28 Warwolf
33:35 Elite Skirmisher
34:29 Stone Mining
34:11 Pikeman
34:51 Squires
35:11 Halberdier
XingHe
9:35 Loom
11:21 Feudal Age
16:32 Castle Age
15:05 Gold Mining
16:43 Horse Collar
19:46 Double-Bit Axe
22:10 Town Watch
23:01 Wheelbarrow
23:32 Heavy Plow
28:07 Loom
28:38 Hand Cart
30:53 Imperial Age
29:06 Scale Barding Armor
29:11 Forging
31:14 Bow Saw
32:18 Marauders
32:26 Marauders
33:21 Chain Barding Armor
33:36 Iron Casting
35:42 Imperial Age
34:11 Gold Shaft Mining
35:53 Elite Tarkan
38:36 Blast Furnace
38:12 Plate Barding Armor
38:24 Elite Skirmisher
39:06 Fletching
39:16 Padded Archer Armor
40:08 Thumb Ring
Connection lost

Rejoining the realm…

Still unreachable

The connection could not be restored.

Session expired

The server has moved on; the page needs a fresh start.